 Dungeon Crawl Stone Soup version 0.19.1 (webtiles) character file.

196 Jerry the Ducker (level 5, 15/38 HPs)
             Began as a Demonspawn Gladiator on Dec 27, 2016.
             Quit the game on level 2 of the Dungeon.
             The game lasted 00:04:08 (1665 turns).

Jerry the Ducker (Demonspawn Gladiator)             Turns: 1665, Time: 00:04:08

Health: 15/38      AC:  6    Str: 17    XL:     5   Next: 45%
Magic:  5/5        EV: 13    Int:  9    God:
Gold:   132        SH:  0    Dex: 15    Spells: 0 memorised, 4 levels left

rFire  . . .     SeeInvis .     a - +0 long sword
rCold  . . .     Gourm    .     o - +0 ring mail
rNeg   . . .     Faith    .     (no shield)
rPois  .         Spirit   .     (helmet restricted)
rElec  .         Reflect  .     (no cloak)
rCorr  .         Harm     .     g - +0 pair of gloves
MR     .....                    (no boots)
Stlth  +.........               (no amulet)
                                (no ring)
                                (no ring)

@: no status effects
A: claws 1, horns 1, talons 2, strong 1
a: no special abilities


You were on level 2 of the Dungeon.
You were hungry.

You visited 1 branch of the dungeon, and saw 2 of its levels.

You collected 132 gold pieces.

Inventory:

Hand Weapons
 a - a +0 long sword (weapon)
Armour
 g - a +0 pair of gloves (worn)
 o - a +0 ring mail (worn)
Potions
 b - a potion of resistance
 l - a potion of curing {unknown}
Comestibles
 f - a bread ration
 k - 3 fruits
 m - a slice of pizza
 q - 2 chunks of flesh


   Skills:
 - Level 2.0 Fighting
 + Level 3.9 Long Blades
 - Level 1.7 Throwing
 + Level 2.5 Armour
 + Level 3.9 Dodging


You had 4 spell levels left.
You didn't know any spells.

Dungeon Overview and Level Annotations

Branches:
Dungeon (2/15)

Altars:


Innate Abilities, Weirdness & Mutations

You have sharp fingernails.
You have a pair of small horns on your head.
You have razor-sharp toenails.
Your muscles are strong. (Str +2)


Message History

Sigmund flickers and vanishes!
Deactivating autopickup; reactivate with Ctrl-A.
You bump into the rock wall.
Something hits you!
You feel less confused.
You hear some strange, mumbled words.
A magic dart appears from out of thin air!
The magic dart hits you!
You are feeling hungry.
You hit something.
Reactivating autopickup.
Your Armour skill increases to level 2!
You have reached level 4!
You feel agile.
Your demonic ancestry asserts itself...
Your toenails lengthen and sharpen.
You have reached level 5!
Your demonic ancestry asserts itself...
Your fingernails lengthen.
You feel a bit more experienced.
Unknown command.
Are you sure you want to abandon this character and quit the game? (Confirm with "yes".)

.........................
..###########.......#....
.........'.......+....
##########<......#....
#.......######.... ###
#....<).# ####
#...###.......#
#.............#
#......@......#
#......)......#
...............#
..###......%...# .
#(...####+## #....#
#....# ######


There were no monsters in sight!

Vanquished Creatures
  Sigmund (D:2)
  A worm (D:1)
  A dart slug (D:1)
  A ball python (D:1)
  6 bats
  2 giant cockroaches
  2 goblins
  4 hobgoblins
  6 jackals
  A frilled lizard (D:1)
  6 kobolds
31 creatures vanquished.

Notes
Turn   | Place    | Note
-------+----------+-------------------------------------------
     0 | D:1      | Jerry the Demonspawn Gladiator began the quest for the Orb.
     0 | D:1      | Reached XP level 1. HP: 16/16 MP: 1/1
   109 | D:1      | Gained mutation: You have a pair of small horns on your head. [demonic ancestry]
   109 | D:1      | Reached XP level 2. HP: 22/22 MP: 2/2
   648 | D:1      | Reached skill level 1 in Armour
  1032 | D:1      | Gained mutation: You have sharp toenails. [demonic ancestry]
  1032 | D:1      | Reached XP level 3. HP: 27/27 MP: 3/3
  1486 | D:2      | Noticed Sigmund
  1632 | D:1      | Gained mutation: Your muscles are strong. (Str +2) [potion of beneficial mutation]
  1664 | D:2      | Killed Sigmund
  1664 | D:2      | Gained mutation: You have razor-sharp toenails. [demonic ancestry]
  1664 | D:2      | Reached XP level 4. HP: 13/33 MP: 4/4
  1664 | D:2      | Gained mutation: You have sharp fingernails. [demonic ancestry]
  1664 | D:2      | Reached XP level 5. HP: 15/38 MP: 5/5
  1665 | D:2      | Quit the game

Skill      XL: |  1  2  3 |
---------------+----------+-----
Long Blades    | 3 |  3.9
Dodging        | 3 |  3.9
Armour         | 1 2 |  2.5
Fighting       | |  2.0
Throwing       | |  1.7

Action                   |  1- 3 |  4- 6 || total
-------------------------+-------+-------++-------
Melee: Long sword        |    89 |       ||    89
       Headbutt          |    11 |       ||    11
       Kick              |    11 |       ||    11
Throw: Throwing net      |     3 |       ||     3
  Use: Scroll            |     7 |       ||     7
       Potion            |     1 |       ||     1
  Eat: Chunk             |     2 |       ||     2
Armor: Leather armour    |    32 |       ||    32
       Ring mail         |     5 |       ||     5
Dodge: Dodged            |    92 |       ||    92
       Rpst.: Long sword |    22 |       ||    22
